[Event "January 9 Early 2024"]
[Site "https://www.chess.com"]
[Date "2024.01.11"]
[Round "2"]
[White "Sipila, Vilka"]
[Black "Van Foreest, Jorden"]
[Result "0-1"]
[Board "190"]
[TimeControl "180+1"]
[WhiteFideId "505455"]
[BlackFideId "1039784"]
[WhiteElo "2655"]
[BlackElo "3020"]
[WhiteTeam "FIN"]
[BlackTeam "NED"]
[WhiteClock "0:00:01"]
[BlackClock "0:00:14"]

1. b3 g6 2. Bb2 Nf6 3. Nf3 d6 4. d4 b5 5. d5 Bg7 6. e4 a6 7. a4 O-O 8. Nbd2 b4 9. a5 c6 10. dxc6 Nxc6 11. Nc4 Bb7 12. Bd3 Nd7 13. Bxg7 Kxg7 14. h4 Nce5 15. h5 Nxc4 16. Bxc4 Nf6 17. e5 dxe5 18. Nxe5 Qc7 19. Qe2 Be4 20. f4 Rad8 21. O-O Bb7 22. h6+ Kg8 23. Bxa6 Qc5+ 24. Kh1 Ne4 25. Kh2 Rd2 26. Qc4 Bxa6 27. Qxa6 Qxc2 28. Rg1 Rd4 29. Qf1 Nd2 30. Qf2 Qe4 31. a6 Nxb3 32. Ra4 f6 33. Re1 Qd5 34. Nf3 Rxf4 35. a7 Nc5 36. Ra5 Rf5 0-1

[Event "January 9 Early 2024"]
[Site "https://www.chess.com"]
[Date "2024.01.11"]
[Round "2"]
[White "Christiansen, Johan-Sebastian"]
[Black "Aadit Bhatia"]
[Result "1-0"]
[Board "191"]
[TimeControl "180+1"]
[WhiteFideId "1512668"]
[BlackFideId "25088955"]
[WhiteElo "2885"]
[BlackElo "2417"]
[WhiteTeam "NOR"]
[BlackTeam "IND"]
[WhiteClock "0:00:48"]
[BlackClock "0:00:01"]

1. e4 e5 2. Nf3 Nc6 3. Nc3 Nf6 4. a3 d6 5. d4 Bg4 6. d5 Ne7 7. h3 Bd7 8. Be3 h6 9. g4 Ng6 10. Qd2 Be7 11. Be2 c6 12. O-O-O cxd5 13. exd5 a6 14. g5 hxg5 15. Nxg5 Nh5 16. Rdg1 Nhf4 17. Nge4 Rxh3 18. Rxh3 Bxh3 19. Bxf4 exf4 20. Qd4 Kf8 21. Rh1 Bf5 22. Rh7 f6 23. Bd3 Kg8 24. Rh5 Bg4 25. Rh2 Ne5 26. Rg2 f5 27. Nd2 f3 28. Rg1 Bf6 29. Bf1 Rc8 30. Qa7 Qe7 31. Kb1 Ng6 32. Bd3 Bxc3 33. bxc3 Nf4 34. Bxa6 Nxd5 35. Bc4 Rxc4 36. Nxc4 Nxc3+ 37. Kb2 Qf6 38. Qb8+ Kh7 39. Rh1+ Kg6 40. Qe8+ Kg5 41. Qe3+ f4 42. Qxc3 Qe6 43. Qxg7+ Kf5 44. Qh7+ 1-0

[Event "January 9 Early 2024"]
[Site "https://www.chess.com"]
[Date "2024.01.11"]
[Round "2"]
[White "Al-Tarboush, Ward"]
[Black "Drozdowski, Kacper"]
[Result "0-1"]
[Board "192"]
[TimeControl "180+1"]
[WhiteFideId "7601450"]
[BlackFideId "1136720"]
[WhiteElo "2631"]
[BlackElo "2974"]
[WhiteTeam "NOR"]
[BlackTeam "POL"]
[WhiteClock "0:00:11"]
[BlackClock "0:00:24"]

1. e4 c5 2. Nf3 e6 3. d4 cxd4 4. Nxd4 Nc6 5. Nc3 Qc7 6. Be3 a6 7. Qd2 Nf6 8. O-O-O Bb4 9. f3 Ne5 10. Nb3 b5 11. Qe1 Rb8 12. Bd4 Nc6 13. Bf2 Bd6 14. g3 Be7 15. f4 d6 16. h3 Bb7 17. Bg2 O-O 18. g4 b4 19. Na4 d5 20. e5 Ne4 21. Bxe4 dxe4 22. Bb6 Qc8 23. Nbc5 Re8 24. Nxe4 b3 25. axb3 Nb4 26. c3 Qc6 27. Nd6 Rf8 28. Nxb7 Rxb7 29. Kb1 Nd5 30. Qe4 Rxb6 31. Qc4 Ne3 32. Qxc6 Rxc6 33. Rd3 Nd5 34. f5 Rb8 35. b4 h5 36. Rhd1 hxg4 37. hxg4 Rc4 38. Rd4 Rxd4 39. Rxd4 Kf8 40. Nc5 Bxc5 41. bxc5 Nxc3+ 42. Kc2 Nd5 43. Ra4 Ke7 44. fxe6 fxe6 45. b3 Rb5 46. Rc4 Ne3+ 0-1

[Event "January 9 Early 2024"]
[Site "https://www.chess.com"]
[Date "2024.01.11"]
[Round "2"]
[White "Lopusiewicz, Piotr"]
[Black "Kosteniuk, Alexandra"]
[Result "1/2-1/2"]
[Board "193"]
[TimeControl "180+1"]
[WhiteFideId "1116029"]
[BlackFideId "4128125"]
[WhiteElo "2480"]
[BlackElo "2757"]
[WhiteTeam "POL"]
[BlackTeam "SUI"]
[WhiteClock "0:00:21"]
[BlackClock "0:00:15"]

1. d4 f5 2. Bf4 Nf6 3. e3 e6 4. Nf3 c5 5. Be2 Nc6 6. O-O Be7 7. c4 d5 8. Nc3 O-O 9. Rc1 cxd4 10. exd4 Nh5 11. Be3 f4 12. Bd2 dxc4 13. Bxc4 Nxd4 14. Nxd4 Qxd4 15. Nb5 Qe5 16. Nc7 Rb8 17. Re1 Qg5 18. Bxe6+ Kh8 19. Bxc8 Rfxc8 20. Ne6 Qg6 21. Rxc8+ Rxc8 22. Nxf4 Nxf4 23. Bxf4 Bc5 24. Qd7 Rf8 25. g3 Qc2 26. Rf1 Qxb2 27. Qd5 Bd4 28. Be3 Bxe3 29. fxe3 Rxf1+ 30. Kxf1 Qf6+ 31. Kg2 Qb2+ 32. Kg1 h6 33. e4 Qb6+ 34. Kg2 Kh7 35. h4 Qc6 36. Qf5+ Kg8 37. h5 a6 38. Kf2 Qc2+ 39. Kg1 Qxa2 40. Qc8+ Kh7 41. Qf5+ Kg8 42. Qc8+ Kh7 43. Qf5+ Kg8 1/2-1/2

[Event "January 9 Early 2024"]
[Site "https://www.chess.com"]
[Date "2024.01.11"]
[Round "2"]
[White "Jovic, Stanoje"]
[Black "Mikhailovsky, Vladimir"]
[Result "0-1"]
[Board "194"]
[TimeControl "180+1"]
[WhiteFideId "905020"]
[BlackFideId "34105414"]
[WhiteElo "2413"]
[BlackElo "2845"]
[WhiteTeam "SRB"]
[BlackTeam "RUS"]
[WhiteClock "0:00:01"]
[BlackClock "0:00:05"]

1. c4 e5 2. g3 h5 3. h3 h4 4. g4 Bc5 5. Bg2 d6 6. Nc3 Nc6 7. d3 f5 8. gxf5 Bxf5 9. Rb1 Qd7 10. Bd2 Nf6 11. b4 Nxb4 12. Bxb7 Rb8 13. Bg2 O-O 14. Nf3 e4 15. dxe4 Nxe4 16. Nxe4 Bxe4 17. Rb2 Qf5 18. Bxb4 Bxb4+ 19. Kf1 Bc5 20. Qd2 Qf6 21. Rb3 Qa1+ 22. Qe1 Qxa2 23. Rxb8 Rxb8 24. Nd2 Bxg2+ 25. Kxg2 Bb4 26. Qb1 Qxd2 27. Qf5 Qxe2 28. Qd5+ Kh8 29. Rf1 Rf8 30. Qd4 Qh5 31. f4 Bc5 32. Qd3 Re8 33. f5 Re2+ 0-1

[Event "January 9 Early 2024"]
[Site "https://www.chess.com"]
[Date "2024.01.11"]
[Round "2"]
[White "Javakhadze, Zurab"]
[Black "Ghosh, Chanchal Kumer"]
[Result "1-0"]
[Board "195"]
[TimeControl "180+1"]
[WhiteFideId "13603647"]
[BlackFideId "10201858"]
[WhiteElo "2702"]
[BlackElo "2056"]
[WhiteTeam "GEO"]
[BlackTeam "BAN"]
[WhiteClock "0:00:16"]
[BlackClock "0:00:15"]

1. Nf3 d5 2. g3 e6 3. Bg2 Nf6 4. O-O c5 5. d4 Nc6 6. c4 cxd4 7. Nxd4 e5 8. Nxc6 bxc6 9. Nc3 Be6 10. Bg5 Be7 11. Bxf6 Bxf6 12. cxd5 cxd5 13. Nxd5 O-O 14. Nxf6+ Qxf6 15. Bxa8 Rxa8 16. f3 g6 17. e4 Rb8 18. Qe2 h5 19. b3 Bh3 20. Rfd1 Kg7 21. Rd3 Rc8 22. Rad1 Qb6+ 23. Qf2 Qa6 24. R3d2 Rc3 25. f4 Bg4 26. Rf1 Rf3 27. Qe1 exf4 28. Rxf3 Bxf3 29. gxf4 Qb6+ 30. Rf2 Qd4 31. Qd2 Qxe4 32. Qc3+ Kh7 33. Qxf3 Qb1+ 34. Kg2 Qf5 35. h3 a5 36. Qe3 Qd5+ 37. Kh2 h4 38. f5 Qd6+ 39. Qf4 Qe7 40. fxg6+ fxg6 41. Qf7+ Qxf7 42. Rxf7+ Kh6 43. Ra7 1-0

[Event "January 9 Early 2024"]
[Site "https://www.chess.com"]
[Date "2024.01.11"]
[Round "2"]
[White "Luxama, Jacques Muller"]
[Black "Domingo Nunez, Alejandro"]
[Result "0-1"]
[Board "196"]
[TimeControl "180+1"]
[WhiteFideId "11900113"]
[BlackFideId "22245561"]
[WhiteElo "2006"]
[BlackElo "2698"]
[WhiteTeam "HAI"]
[BlackTeam "ESP"]
[WhiteClock "0:00:49"]
[BlackClock "0:00:18"]

1. e4 g6 2. d4 Bg7 3. h4 c6 4. h5 d6 5. hxg6 hxg6 6. Rxh8 Bxh8 7. Nf3 Nd7 8. Nc3 e5 9. dxe5 Nxe5 10. Nxe5 dxe5 11. Qxd8+ Kxd8 12. Bc4 Ke7 13. Be3 b6 14. O-O-O Be6 15. Bxe6 Kxe6 16. a4 Nf6 17. a5 Ng4 18. axb6 Nxe3 19. fxe3 axb6 20. Kb1 Bf6 21. b3 Bg5 22. Rd3 b5 23. Na2 Be7 24. Kb2 b4 25. Nc1 Rh8 26. Rd1 Rh2 27. Rd2 Bc5 28. Re2 Rh4 29. Nd3 Be7 30. Nf2 Rh2 31. Ng4 Rh1 32. Nf2 Rg1 33. Nh3 Rf1 34. Nf2 f5 35. exf5+ gxf5 36. e4 f4 37. Nd3 Rg1 38. Ne1 Bc5 39. Nf3 Bd4+ 40. Nxd4+ exd4 41. e5 c5 42. Re4 Rf1 43. Re2 Rh1 44. Re4 Kf5 45. Re2 Rh6 46. Kc1 Re6 47. Kd2 Rxe5 48. Rxe5+ Kxe5 49. Kd3 Kd5 50. Kd2 c4 51. Ke2 d3+ 52. cxd3 cxb3 53. Kd2 Kd4 54. Kc1 Kxd3 55. Kb2 Ke3 56. Kxb3 Kf2 57. Kxb4 Kxg2 0-1

[Event "January 9 Early 2024"]
[Site "https://www.chess.com"]
[Date "2024.01.11"]
[Round "2"]
[White "Xu, Daniel"]
[Black "Rodriguez Santiago, Jaime"]
[Result "0-1"]
[Board "197"]
[TimeControl "180+1"]
[WhiteFideId "2627345"]
[BlackFideId "3100898"]
[WhiteElo "2472"]
[BlackElo "2270"]
[WhiteTeam "CAN"]
[BlackTeam "PUR"]
[WhiteClock "0:00:03"]
[BlackClock "0:00:26"]

1. e4 c6 2. d4 d5 3. exd5 cxd5 4. c4 Nf6 5. Nc3 e6 6. Bg5 Be7 7. Nf3 Nc6 8. c5 O-O 9. Bb5 h6 10. Bh4 Bd7 11. O-O Rc8 12. Rc1 b6 13. Ba6 Rb8 14. Bg3 bxc5 15. Bxb8 Qxb8 16. b3 cxd4 17. Nxd4 Nb4 18. Be2 e5 19. Nc2 d4 20. Nxb4 Bxb4 21. Nb1 Rd8 22. Bd3 e4 23. Bc4 Bf5 24. a3 Bd6 25. h3 d3 26. b4 Bf4 27. Nd2 Qb6 28. Kh1 Bb8 29. Qe1 Qd6 30. f4 exf3 31. Nxf3 Ne4 32. Kg1 Qb6+ 33. Kh1 Ng3+ 34. Kh2 Nxf1+ 35. Kh1 Ng3+ 36. Kh2 Ne2+ 37. Kh1 Nxc1 38. Qxc1 d2 39. Qd1 Qe3 40. Be2 Be4 41. Qg1 Qxg1+ 42. Nxg1 d1=Q 43. Bxd1 Rxd1 44. b5 Bc7 0-1

[Event "January 9 Early 2024"]
[Site "https://www.chess.com"]
[Date "2024.01.11"]
[Round "2"]
[White "Zhuk, Valeriy"]
[Black "Sakun, Volodymyr"]
[Result "1-0"]
[Board "198"]
[TimeControl "180+1"]
[WhiteFideId "24151254"]
[BlackFideId "14114062"]
[WhiteElo "2393"]
[BlackElo "2613"]
[WhiteTeam "RUS"]
[BlackTeam "UKR"]
[WhiteClock "0:00:16"]
[BlackClock "0:00:04"]

1. e4 e5 2. Nf3 Nc6 3. Bb5 a6 4. Bxc6 dxc6 5. O-O Qf6 6. d4 exd4 7. Nxd4 Bd7 8. Be3 O-O-O 9. Qe2 Qg6 10. Nd2 h5 11. f4 f6 12. f5 Qf7 13. N2f3 Bd6 14. c3 Ne7 15. b4 g6 16. fxg6 Nxg6 17. a4 Nf4 18. Qd2 Ne6 19. b5 cxb5 20. axb5 Bxb5 21. Nxb5 axb5 22. e5 Ba3 23. Qa2 b4 24. exf6 Qe8 25. f7 Qxf7 26. Ne5 Qg7 27. Qxe6+ Kb8 28. Bd4 Rhe8 29. Qxe8 Rxe8 30. Nc6+ bxc6 31. Bxg7 Re2 32. cxb4 Bb2 33. Bxb2 Rxb2 34. Rab1 Rc2 35. Rf5 Rd2 36. Rxh5 Re2 37. Rg5 Kb7 38. h4 1-0

[Event "January 9 Early 2024"]
[Site "https://www.chess.com"]
[Date "2024.01.11"]
[Round "2"]
[White "Travkina, Anastasia"]
[Black "Nikulina, Alena"]
[Result "1-0"]
[Board "199"]
[TimeControl "180+1"]
[WhiteFideId "24129151"]
[BlackFideId "4172051"]
[WhiteElo "2447"]
[BlackElo "2108"]
[WhiteTeam "RUS"]
[BlackTeam "RUS"]
[WhiteClock "0:00:47"]
[BlackClock "0:00:09"]

1. e4 c5 2. Nf3 e6 3. d4 cxd4 4. Nxd4 Nf6 5. Nc3 Nc6 6. Ndb5 d6 7. Bf4 e5 8. Bg5 a6 9. Na3 b5 10. Nd5 Be7 11. Bxf6 Bxf6 12. c4 b4 13. Nc2 Rb8 14. Qf3 O-O 15. b3 Bg5 16. h4 Bh6 17. Bd3 Ne7 18. Nce3 Be6 19. g4 Bxe3 20. Nxe3 Nc6 21. Nc2 a5 22. Rd1 Qe7 23. Qg3 a4 24. O-O axb3 25. axb3 Ra8 26. Ra1 Qb7 27. h5 Rxa1 28. Rxa1 Ra8 29. Rxa8+ Qxa8 30. h6 Qa2 31. Qh4 Qb1+ 32. Kh2 Qc1 33. Nxb4 Qf4+ 34. Kg1 g5 35. Qh3 Nxb4 36. Be2 Nc2 37. Qc3 Nd4 38. Kf1 Nxe2 39. Kxe2 Qxe4+ 40. Kf1 Bxg4 41. Kg1 Qb1+ 42. Kh2 Qe4 43. c5 Qf4+ 44. Kg1 dxc5 45. Qxc5 Qd2 46. Qxe5 Qc1+ 47. Kg2 Qc6+ 48. Kh2 Qg6 49. Qe8# 1-0

[Event "January 9 Early 2024"]
[Site "https://www.chess.com"]
[Date "2024.01.11"]
[Round "2"]
[White "Grutter, Tim"]
[Black "Santiago, Yago De Moura"]
[Result "1-0"]
[Board "200"]
[TimeControl "180+1"]
[WhiteFideId "1057472"]
[BlackFideId "2103877"]
[WhiteElo "2561"]
[BlackElo "2800"]
[WhiteTeam "NED"]
[BlackTeam "BRA"]
[WhiteClock "0:00:02"]
[BlackClock "0:00:12"]

1. e4 e6 2. d4 d5 3. Bd3 dxe4 4. Bxe4 Nf6 5. Bf3 c5 6. Ne2 cxd4 7. Qxd4 Nbd7 8. O-O Bc5 9. Qd1 O-O 10. b3 Ne5 11. Ng3 Nxf3+ 12. Qxf3 h6 13. Bb2 Be7 14. c4 Qc7 15. Nc3 a6 16. Rad1 b6 17. Nce4 Nxe4 18. Qxe4 Ra7 19. Nh5 f5 20. Qd4 Bc5 21. Qh4 Be7 22. Qh3 Rf7 23. Rfe1 Bb4 24. Re3 Kh7 25. Rg3 Bf8 26. Rgd3 e5 27. Rd5 e4 28. Qe3 Bc5 29. Qe2 Qe7 30. Nf4 Qg5 31. g3 a5 32. h4 Qe7 33. Qh5 e3 34. Qg6+ Kg8 35. Rd8+ Rf8 36. Rxf8+ Kxf8 37. Bxg7+ Qxg7 38. Rd8+ Ke7 39. Qe8+ Kf6 40. Nh5# 1-0

[Event "January 9 Early 2024"]
[Site "https://www.chess.com"]
[Date "2024.01.11"]
[Round "2"]
[White "Andreev, Konstantin"]
[Black "Lagarde, Maxime"]
[Result "0-1"]
[Board "201"]
[TimeControl "180+1"]
[WhiteFideId "24239305"]
[BlackFideId "662399"]
[WhiteElo "2544"]
[BlackElo "2811"]
[WhiteTeam "ITA"]
[BlackTeam "FRA"]
[WhiteClock "0:00:02"]
[BlackClock "0:00:53"]

1. e4 c6 2. d4 d5 3. e5 Bf5 4. Nf3 e6 5. Be2 Nd7 6. O-O a5 7. a4 f6 8. exf6 Ngxf6 9. c3 Bd6 10. h3 O-O 11. Re1 Ne4 12. Be3 e5 13. dxe5 Nxe5 14. Nxe5 Bxe5 15. Nd2 Qh4 16. Nf3 Qf6 17. Nxe5 Qxe5 18. Bd4 Qf4 19. Bf3 Ng5 20. Bg4 Bxg4 21. Qxg4 Qxg4 22. hxg4 Rfe8 23. Bb6 Kf7 24. f3 Rxe1+ 25. Rxe1 Ne6 26. Bf2 b5 27. axb5 cxb5 28. Re5 Nf4 29. Bd4 g6 30. g3 Nd3 31. Rxd5 Nxb2 32. Rxb5 Nc4 33. Rc5 Nd2 34. Kf2 a4 35. c4 a3 36. Rc7+ Ke6 37. Rxh7 a2 38. Rg7 Nxc4 39. Rxg6+ Kd5 40. Ba1 Na3 41. f4 Nc2 42. Be5 Nd4 43. Rd6+ Kc5 44. Ke3 a1=Q 45. Bxd4+ Kxd6 46. Bxa1 Rxa1 47. g5 Kd5 48. Kf3 Ke6 49. Kg4 Rf1 50. Kh3 Kf5 51. Kg2 Ra1 52. Kh3 Ra8 53. Kg2 Kg4 54. Kf2 Ra3 55. g6 Rf3+ 56. Ke2 Rxg3 57. g7 Kxf4 58. g8=Q Rxg8 0-1

[Event "January 9 Early 2024"]
[Site "https://www.chess.com"]
[Date "2024.01.11"]
[Round "2"]
[White "Drygalov, Sergey"]
[Black "Tikhonov, Viacheslav"]
[Result "1-0"]
[Board "202"]
[TimeControl "180+1"]
[WhiteFideId "24171743"]
[BlackFideId "44196407"]
[WhiteElo "2937"]
[BlackElo "2536"]
[WhiteTeam "RUS"]
[BlackTeam "RUS"]
[WhiteClock "0:01:10"]
[BlackClock "0:00:03"]

1. d4 Nf6 2. c4 g6 3. Nc3 d5 4. cxd5 Nxd5 5. e4 Nxc3 6. bxc3 Bg7 7. Be3 c5 8. Nf3 O-O 9. Be2 Nc6 10. O-O cxd4 11. cxd4 e6 12. Rc1 Na5 13. Qd2 b6 14. Bg5 Qd7 15. Ne5 Bxe5 16. dxe5 Qxd2 17. Bxd2 Bb7 18. f3 Rac8 19. Bg5 Rxc1 20. Rxc1 Rc8 21. Rd1 a6 22. Bf6 b5 23. Kf2 Nc4 24. Rd7 Bc6 25. Ra7 a5 26. h4 h6 27. g4 Kf8 28. a4 Na3 29. Be7+ Kg8 30. Bxa3 b4 31. Bb2 Bxa4 32. Rxa5 Bb3 33. Bd4 Rc2 34. Ke3 Ba2 35. Ra8+ Kh7 36. Rb8 b3 37. h5 gxh5 38. gxh5 Kg7 39. f4 Rc1 40. f5 Rh1 41. f6+ Kh7 42. Rf8 b2 43. Rxf7+ Kg8 44. Rg7+ Kh8 45. Bxb2 Rh3+ 46. Kd4 Bb1 47. Rg1 Rh2 48. f7 Rf2 49. Rg8+ Kh7 50. f8=Q Rxf8 51. Rxf8 Kg7 52. Rf6 Kh7 53. Rxe6 Ba2 54. Rf6 Kg7 55. Kc5 Bg8 56. Rg6+ Kf7 57. Bc4+ Ke7 58. Bxg8 Kd7 59. Bd5 Ke7 60. Rg7+ Kf8 61. Rf7+ Kg8 62. Kd6 Kh8 63. Ke6 1-0

[Event "January 9 Early 2024"]
[Site "https://www.chess.com"]
[Date "2024.01.11"]
[Round "2"]
[White "Cuenca Jimenez, Jose Fernando"]
[Black "Firouzja, Alireza"]
[Result "0-1"]
[Board "203"]
[TimeControl "180+1"]
[WhiteFideId "2255570"]
[BlackFideId "12573981"]
[WhiteElo "2680"]
[BlackElo "3133"]
[WhiteTeam "ESP"]
[BlackTeam "FRA"]
[WhiteClock "0:00:06"]
[BlackClock "0:00:21"]

1. d4 Nf6 2. Bf4 g6 3. Nc3 d5 4. e3 Bg7 5. h4 Bg4 6. Be2 Bxe2 7. Qxe2 h5 8. Qb5+ Nbd7 9. Nxd5 Nxd5 10. Qxd5 c6 11. Qb3 e5 12. dxe5 Nxe5 13. Bxe5 Bxe5 14. Nf3 Bf6 15. Qxb7 O-O 16. O-O Rb8 17. Qxc6 Rxb2 18. Rad1 Qb6 19. Qxb6 axb6 20. Rd6 Kg7 21. Ng5 Rc8 22. Rc1 b5 23. Rd5 b4 24. Rb5 Rc4 25. g3 Rxa2 26. Rb1 Bxg5 27. hxg5 Rcxc2 28. Rf1 Rab2 29. Kg2 b3 30. Kf3 Rd2 31. Rb7 Rd5 32. Kf4 Rf5+ 33. Ke4 Rxg5 34. f4 Rxg3 35. Rd1 Re2 36. Rxb3 h4 37. Rh1 h3 38. Rb5 Rgxe3+ 39. Kd4 Rf3 0-1

[Event "January 9 Early 2024"]
[Site "https://www.chess.com"]
[Date "2024.01.11"]
[Round "2"]
[White "Klekowski, Maciej"]
[Black "Tulchynskyi, Feliks"]
[Result "1-0"]
[Board "204"]
[TimeControl "180+1"]
[WhiteFideId "1132717"]
[BlackFideId "34127895"]
[WhiteElo "2863"]
[BlackElo "2569"]
[WhiteTeam "POL"]
[BlackTeam "UKR"]
[WhiteClock "0:00:16"]
[BlackClock "0:00:18"]

1. c4 e6 2. Nf3 Nf6 3. g3 b6 4. Bg2 Bb7 5. b3 Be7 6. Bb2 O-O 7. O-O c5 8. d4 cxd4 9. Qxd4 Nc6 10. Qf4 d5 11. Nc3 Bd6 12. Qh4 d4 13. Nxd4 Nxd4 14. Bxb7 Nf5 15. Qh3 Rb8 16. Bf3 Qe7 17. Nb5 Bc5 18. e4 Nh6 19. Rad1 e5 20. Bc1 a6 21. Nc3 Bd4 22. Ne2 Rbd8 23. Bxh6 gxh6 24. Qxh6 Bb2 25. Rd2 Ba3 26. Rfd1 Bb4 27. Rxd8 Rxd8 28. Rxd8+ Qxd8 29. Qg5+ Kf8 30. Qxe5 Bc5 31. Kg2 Kg7 32. Qg5+ Kf8 33. e5 Qd1 34. exf6 Qe1 35. Qg7+ Ke8 36. Qg8+ Kd7 37. Qxf7+ Kd8 38. Qd5+ Kc7 39. Qc6+ Kd8 40. Qa8+ Kc7 41. Qb7+ Kd8 42. Qb8+ Kd7 43. Bg4+ Kc6 44. Qc8+ Kd6 45. Qe6+ Kc7 46. Qd7+ Kb8 47. Qc8+ Ka7 48. Qc7+ Ka8 49. Bf3# 1-0

[Event "January 9 Early 2024"]
[Site "https://www.chess.com"]
[Date "2024.01.11"]
[Round "2"]
[White "Tilahun , Abel Mathewos"]
[Black "Azar, Sebastien"]
[Result "0-1"]
[Board "205"]
[TimeControl "180+1"]
[WhiteFideId "15702391"]
[BlackFideId "2640198"]
[WhiteElo "2026"]
[BlackElo "2438"]
[WhiteTeam "ETH"]
[BlackTeam "CAN"]
[WhiteClock "0:00:06"]
[BlackClock "0:00:21"]

1. d4 d5 2. c4 c6 3. Nf3 Nf6 4. Nc3 e6 5. e3 Nbd7 6. Bd3 Bd6 7. O-O dxc4 8. Bxc4 O-O 9. e4 e5 10. Bg5 b5 11. Bd3 exd4 12. Nxd4 Ne5 13. Bc2 Bg4 14. f3 Bc5 15. Be3 Bh5 16. Kh1 Qb6 17. a4 a6 18. a5 Qa7 19. Nce2 Rad8 20. Qd2 b4 21. b3 Bg6 22. Rad1 Rd7 23. Qe1 Rfd8 24. Qf2 Neg4 25. fxg4 Nxg4 26. Qf4 Nxe3 27. Nxc6 Qa8 28. Nxd8 Nxd1 29. Qe5 Nf2+ 30. Rxf2 Bxf2 31. Nxf7 Rxf7 32. h3 Ba7 33. Nf4 Bb8 34. Qg5 Bxf4 35. e5 Bxg5 36. e6 Rf1+ 37. Kh2 Bf4+ 0-1

[Event "January 9 Early 2024"]
[Site "https://www.chess.com"]
[Date "2024.01.11"]
[Round "2"]
[White "Barbot, Pierre"]
[Black "Horak, Martin"]
[Result "0-1"]
[Board "206"]
[TimeControl "180+1"]
[WhiteFideId "663727"]
[BlackFideId "367095"]
[WhiteElo "2305"]
[BlackElo "2524"]
[WhiteTeam "FRA"]
[BlackTeam "CZE"]
[WhiteClock "0:00:03"]
[BlackClock "0:00:08"]

1. d4 d5 2. Nf3 Nf6 3. Bf4 c5 4. e3 Nc6 5. Nbd2 e6 6. c3 cxd4 7. exd4 Nh5 8. Be3 Bd6 9. Ne5 g6 10. g4 Ng7 11. h4 h5 12. f4 Nxe5 13. fxe5 Be7 14. Bf2 hxg4 15. Qxg4 Nf5 16. h5 Bd7 17. Bd3 Qb6 18. O-O-O g5 19. Nf3 O-O-O 20. Rdg1 Rdg8 21. Be1 Nh6 22. Qg3 g4 23. Nh4 Bb5 24. Bd2 Bg5 25. Bxg5 Rxg5 26. Bxb5 Qxb5 27. Qf4 Rhg8 28. Nf3 Rf5 29. Qxh6 Rxf3 30. Rh2 Rf1+ 31. Rxf1 Qxf1+ 32. Kc2 g3 33. Rd2 g2 34. Qh7 Qf5+ 35. Qxf5 exf5 36. h6 g1=Q 37. h7 Rh8 0-1

[Event "January 9 Early 2024"]
[Site "https://www.chess.com"]
[Date "2024.01.11"]
[Round "2"]
[White "Goltseva, Ekaterina"]
[Black "Kovalev, Vladislav"]
[Result "0-1"]
[Board "207"]
[TimeControl "180+1"]
[WhiteFideId "24173770"]
[BlackFideId "13504398"]
[WhiteElo "2605"]
[BlackElo "2913"]
[WhiteTeam "RUS"]
[BlackTeam "FID"]
[WhiteClock "0:00:03"]
[BlackClock "0:00:13"]

1. d4 Nf6 2. c4 e6 3. Nc3 Bb4 4. g3 O-O 5. Bg2 d5 6. Nf3 dxc4 7. O-O Nc6 8. a3 Be7 9. e4 a6 10. Be3 b5 11. Qe2 Bb7 12. Rad1 Na5 13. d5 exd5 14. exd5 Re8 15. Nd4 Bd6 16. Nf5 Bc8 17. Qc2 Bxf5 18. Qxf5 Qd7 19. Qc2 Nb3 20. Ne2 Ng4 21. Bd4 Ne5 22. Bc3 Nc5 23. Nd4 Ned3 24. Nc6 Qg4 25. Qd2 h5 26. h3 Qg6 27. h4 Qg4 28. Nd4 Ne4 29. Bxe4 Rxe4 30. f3 Qxg3+ 31. Qg2 Qxg2+ 32. Kxg2 Rxh4 33. Nf5 Rh2+ 34. Kg1 Re2 35. Nxg7 Kh7 36. f4 Rg8 37. Rd2 Rxd2 38. Bxd2 Rxg7+ 39. Kh1 Rg4 0-1

[Event "January 9 Early 2024"]
[Site "https://www.chess.com"]
[Date "2024.01.11"]
[Round "2"]
[White "Nowak, Lukasz"]
[Black "Dmitrenko, Viktor"]
[Result "0-1"]
[Board "208"]
[TimeControl "180+1"]
[WhiteFideId "1166760"]
[BlackFideId "14110270"]
[WhiteElo "2005"]
[BlackElo "2437"]
[WhiteTeam "POL"]
[BlackTeam "UKR"]
[WhiteClock "0:00:01"]
[BlackClock "0:00:07"]

1. c4 e6 2. g3 Nf6 3. Bg2 d5 4. Nf3 Be7 5. O-O O-O 6. b3 a5 7. Bb2 c5 8. cxd5 Nxd5 9. d4 Nc6 10. dxc5 Bxc5 11. Nc3 Qf6 12. Rc1 Nxc3 13. Bxc3 Qe7 14. Ne5 Ba3 15. Nxc6 bxc6 16. Qd4 f6 17. Bb2 Ba6 18. Rxc6 Bxb2 19. Qxb2 Bb7 20. Rc3 Bxg2 21. Kxg2 Qb7+ 22. Kg1 e5 23. Rfc1 h5 24. Rc7 Qe4 25. Qc2 Qg4 26. Rd1 Rad8 27. f3 Rxd1+ 28. Qxd1 Qf5 29. Qd7 Qg6 30. Ra7 h4 31. Kf2 hxg3+ 32. hxg3 e4 33. Qd5+ Kh8 34. Qxe4 f5 35. Qh4+ Kg8 36. Qe7 f4 37. g4 Qb6+ 0-1

[Event "January 9 Early 2024"]
[Site "https://www.chess.com"]
[Date "2024.01.11"]
[Round "2"]
[White "Volkov, Maksim"]
[Black "Keymer, Vincent"]
[Result "0-1"]
[Board "209"]
[TimeControl "180+1"]
[WhiteFideId "54123070"]
[BlackFideId "12940690"]
[WhiteElo "2659"]
[BlackElo "3033"]
[WhiteTeam "RUS"]
[BlackTeam "GER"]
[WhiteClock "0:00:04"]
[BlackClock "0:00:26"]

1. d4 Nf6 2. c4 e6 3. g3 Bb4+ 4. Bd2 Be7 5. Bg2 d5 6. Nf3 O-O 7. O-O c6 8. Qc2 Nbd7 9. Rd1 a5 10. h4 h6 11. Bf4 Nh5 12. e3 g5 13. hxg5 hxg5 14. Be5 g4 15. Nh2 f6 16. Qg6+ Ng7 17. Bf4 f5 18. Bh6 Bf6 19. Nc3 Rf7 20. Bf4 Nf8 21. Qh6 Ne8 22. Be5 Rh7 23. Bxf6 Nxf6 24. Qg5+ Rg7 25. Qh6 Rh7 26. Qg5+ Kf7 27. e4 dxe4 28. Nxe4 fxe4 29. Nxg4 Rh5 30. Nh6+ Ke8 31. Qf4 Ng6 32. Qe3 Qd6 33. d5 exd5 34. cxd5 cxd5 35. Rac1 Bd7 36. Rc5 Rc8 37. Rxa5 Qf8 38. Qd4 Rxh6 39. Rxd5 Nxd5 40. Qxd5 Bc6 41. Qe6+ Ne7 42. Qe5 Qf6 43. Qa5 e3 44. Bxc6+ Nxc6 45. Qe1 Qxf2+ 46. Qxf2 exf2+ 47. Kxf2 Rd8 0-1

[Event "January 9 Early 2024"]
[Site "https://www.chess.com"]
[Date "2024.01.11"]
[Round "2"]
[White "Szpar, Milosz"]
[Black "Tomb, Maroun"]
[Result "0-1"]
[Board "210"]
[TimeControl "180+1"]
[WhiteFideId "1184989"]
[BlackFideId "5300398"]
[WhiteElo "2844"]
[BlackElo "2580"]
[WhiteTeam "POL"]
[BlackTeam "LBN"]
[WhiteClock "0:00:01"]
[BlackClock "0:00:13"]

1. e4 d6 2. d4 Nf6 3. Bd3 e5 4. c3 d5 5. dxe5 Nxe4 6. Nf3 Nd7 7. Nbd2 Ndc5 8. Be2 Bf5 9. O-O Be7 10. Nd4 Qd7 11. N2b3 h5 12. f3 Nxb3 13. axb3 Nc5 14. b4 Na6 15. Nxf5 Qxf5 16. Qxd5 c6 17. Qd4 Nc7 18. Bd3 Qe6 19. Qe4 g6 20. Be3 a6 21. Rae1 Rd8 22. Bb1 Nd5 23. Bc1 h4 24. f4 c5 25. bxc5 Bxc5+ 26. Kh1 Ne7 27. Qxb7 h3 28. g3 Nc6 29. Be4 Na5 30. Qc7 Bb6 31. f5 gxf5 32. Qxd8+ Bxd8 33. Bxf5 Qc6+ 34. Be4 Qc4 35. Bf4 O-O 36. Bc1 Nb3 37. Bh6 Re8 38. Rf4 Kh8 39. Rg4 Rg8 40. Rf4 Nd2 41. Ba8 Qc8 42. Bd5 Qd7 0-1

[Event "January 9 Early 2024"]
[Site "https://www.chess.com"]
[Date "2024.01.11"]
[Round "2"]
[White "Marchesich, Giovanni"]
[Black "Khumalo, Keith"]
[Result "1/2-1/2"]
[Board "211"]
[TimeControl "180+1"]
[WhiteFideId "2824790"]
[BlackFideId "14319470"]
[WhiteElo "2381"]
[BlackElo "2693"]
[WhiteTeam "ITA"]
[BlackTeam "RSA"]
[WhiteClock "0:00:07"]
[BlackClock "0:00:26"]

1. d4 e6 2. Nc3 d5 3. Bf4 a6 4. e3 Nf6 5. g4 c5 6. g5 cxd4 7. exd4 Nfd7 8. Nf3 Qb6 9. Qd2 Bd6 10. Bd3 Nf8 11. O-O-O Ng6 12. Be3 Bb4 13. h4 Qa5 14. h5 Ne7 15. Kb1 Bxc3 16. Qxc3 Qxc3 17. bxc3 Nbc6 18. g6 fxg6 19. hxg6 h6 20. c4 Bd7 21. c5 O-O-O 22. c4 Rhf8 23. Nd2 Rf6 24. cxd5 exd5 25. Rhg1 Nb4 26. Be2 Bf5+ 27. Kb2 Nd3+ 28. Kc3 Nxc5 29. dxc5 d4+ 30. Bxd4 Nd5+ 31. Kc4 b5+ 32. Kb3 Re6 33. Bg4 Bxg4 34. Rxg4 a5 35. Ne4 a4+ 36. Kb2 Nb4 37. Nd6+ Kd7 38. Bxg7 Re2+ 39. Kb1 Kc6 40. Bc3 Nxa2 41. Ba5 b4 42. g7 Nc3+ 43. Kc1 Na2+ 44. Kb1 Nc3+ 45. Kc1 Na2+ 46. Kb1 1/2-1/2